 Dungeon Crawl Stone Soup version 0.28-a0-128-gcbb86046cc (webtiles) character file.

Game seed: 17835297178888538469

354 Ezendos the Sneak (level 6, -3/57 HPs)
             Began as a Naga Enchanter on Aug 15, 2021.
             Slain by an ogre (17 damage)
             ... on level 6 of the Dungeon.
             The game lasted 00:08:07 (3751 turns).

Ezendos the Sneak (Naga Enchanter)                  Turns: 3751, Time: 00:08:08

Health: -3/57      AC:  7    Str: 12    XL:     6   Next: 63%
Magic:  1/10       EV:  8    Int: 15    God:
Gold:   188        SH:  0    Dex: 12    Spells: 6/10 levels left

rFire   . . .      SeeInvis +   a - +3 spear (venom)
rCold   . . .      Faith    .   (no shield)
rNeg    . . .      Spirit   .   d - +0 ring mail
rPois   +          Reflect  .   k - +1 helmet
rElec   .          Harm     .   (no cloak)
rCorr   .          Rampage  .   u - +0 pair of gloves
Will    .....                   (no barding)
Stlth   ++........              (no amulet)
HPRegen 0.19/turn               (no ring)
MPRegen 0.12/turn               (no ring)

@: very slightly contaminated, very slow
A: AC +2, large, see invisible, deformed body, poison resistance, slowness 2,
spit poison 1, naga tail 1
a: Spit Poison


You were on level 6 of the Dungeon.
You visited 1 branch of the dungeon, and saw 6 of its levels.

You collected 188 gold pieces.

Inventory:

Hand Weapons
 a - a +3 spear of venom (weapon)
 e - a +5 mace
 l - a +0 arbalest
 w - a +0 hand crossbow
Missiles
 o - 60 arrows
 t - 3 boomerangs
 v - 30 bolts
Armour
 d - a +0 ring mail (worn)
 f - a +0 scale mail
 k - a +1 helmet (worn)
 u - a +0 pair of gloves (worn)
Scrolls
 q - a scroll of enchant weapon
 s - 2 scrolls of immolation
Potions
 c - a potion of curing
 g - a potion of ambrosia
 h - a potion of flight
 m - a potion of resistance


   Skills:
 + Level 3.8 Fighting
 - Level 1.0 Short Blades
 * Level 2.8 Polearms
 + Level 1.5 Armour
 - Level 1.5 Dodging
 - Level 4.4 Stealth
 + Level 2.8 Spellcasting
 + Level 3.8 Hexes


You had 6 spell levels left.
You knew the following spells:

 Your Spells              Type           Power      Damage    Failure   Level
a - Corona                Hex            14%        N/A       10%         1
c - Tukima's Dance        Hex            13%        N/A       28%         3

Your spell library contained the following spells:

 Spells                   Type           Power      Damage    Failure   Level
 Confusing Touch          Hex            13%        N/A       28%         3
 Ensorcelled Hibernation  Hex/Ice        14%        N/A       30%         2
 Magic Dart               Conj           8%         1d3       41%         1
 Dazzling Flash           Conj/Hex       14%        N/A       52%         3
 Call Imp                 Summ           2%         N/A       56%         2
 Mephitic Cloud           Conj/Pois/Air  2%         N/A       80%         3


Dungeon Overview and Level Annotations

Branches:
Dungeon (5/15)
 Temple: D:4-7

Altars:
Wu Jian


Innate Abilities, Weirdness & Mutations

Your serpentine skin is tough. (AC +2)
You have supernaturally acute eyesight. (SInv)
Armour fits poorly on your strangely shaped body.
Your system is resistant to poisons. (rPois)
You cover ground very slowly.
You can spit poison.
You have a snake-like lower body.


Message History

The ogre shouts!
Casting: Corona (safe; 10% risk of failure)
Confirm with . or Enter, or press ? or * to list all spells.
Aiming: Tukima's Dance (dangerous; 28% risk of failure)
Press: ? - help, Shift-Dir - straight line, f - ogre
Aim: an ogre, wielding a +0 giant spiked club (chance to affect: 50%)
The ogre resists with some effort.
Casting: Tukima's Dance (dangerous; 28% risk of failure)
Confirm with . or Enter, or press ? or * to list all spells.
Aiming: Tukima's Dance (dangerous; 28% risk of failure)
Press: ? - help, Shift-Dir - straight line, f/p - ogre
Aim: an ogre, wielding a +0 giant spiked club (chance to affect: 50%)
The ogre resists with some effort.
Casting: Tukima's Dance (dangerous; 28% risk of failure)
Confirm with . or Enter, or press ? or * to list all spells.
Aiming: Tukima's Dance (dangerous; 28% risk of failure)
Press: ? - help, Shift-Dir - straight line, f/p - ogre
Aim: an ogre, wielding a +0 giant spiked club (chance to affect: 50%)
You miscast Tukima's Dance.
You are very lightly contaminated with residual magic.
Nothing appears to happen.
The ogre hits you with a +0 giant spiked club!!
Ouch! That really hurt!
A shadow imp comes into view.
The shadow imp shouts!
Okay, then.
Okay, then.
Okay, then.
Okay, then.
Okay, then.
Okay, then.
You hit the ogre.
The ogre is moderately wounded.
You hit the ogre.
The ogre is poisoned.
The ogre is moderately wounded.
The ogre hits you with a +0 giant spiked club!!
* * * LOW HITPOINT WARNING * * *
You feel better.
The ogre hits you with a +0 giant spiked club!
You die...

#. #. ##.##
...#
###..#######
...5.......
#.##.O...##
#....@....#
########..#
#


You could see an ogre (very poisoned) and a shadow imp.

Vanquished Creatures
  A scorpion (D:5)
  A water moccasin skeleton (D:4)
  A jelly (D:4)
  An orc priest (D:5)
  An iguana (D:4)
  A hound skeleton (D:4)
  A hound zombie (D:5)
  A howler monkey skeleton (D:4)
  5 adders
  An adder skeleton (D:4)
  A dart slug (D:4)
  11 orcs
  5 ball pythons
  6 endoplasms
  7 goblins
  5 hobgoblins
  6 jackals
  6 quokkas
  3 bats
  A frilled lizard (D:3)
  4 kobolds
  5 rats
74 creatures vanquished.

Notes
Turn   | Place    | Note
-------+----------+-------------------------------------------
     0 | D:1      | Ezendos the Naga Enchanter began the quest for the Orb.
     0 | D:1      | Reached XP level 1. HP: 15/15 MP: 3/3
    49 | D:1      | Reached skill level 1 in Fighting
   189 | D:1      | Reached XP level 2. HP: 25/25 MP: 5/5
   793 | D:2      | Reached XP level 3. HP: 24/33 MP: 6/6
   930 | D:2      | Learned a level 3 spell: Tukima's Dance
  1024 | D:2      | Found an ornate altar of the Wu Jian Council.
  1310 | D:2      | Noticed an ogre
  1504 | D:2      | Reached XP level 4. HP: 40/42 MP: 7/7
  2606 | D:4      | Reached skill level 1 in Polearms
  2606 | D:4      | Reached XP level 5. HP: 48/49 MP: 8/8
  2817 | D:4      | Reached skill level 1 in Armour
  3236 | D:5      | Entered Level 5 of the Dungeon
  3276 | D:5      | Noticed a water moccasin
  3299 | D:4      | Reached XP level 6. HP: 31/56 MP: 9/9
  3745 | D:5      | You fall into a shaft and drop 1 floor!
  3751 | D:6      | Slain by an ogre

Illustrated notes

Levels and vault maps discovered:
D:1:      wander_arrival_abandoned_jail, layout_basic, minmay_tree_intersection
D:2:      layout_basic, basic_altar, st_stairs_13, lightli_corner_chamber
D:3:      layout_rooms
D:4:      layout_rooms
D:5:      layout_rooms, amcnicky_altar_gilded, minmay_temple_entry_stoned_glass
D:6:      layout_loops_ring, nicolae_overflow_hidden_temple,
          nicolae_water_bricks, uniq_eustachio, uniq_prince_ribbit1

Skill      XL: |  1  2  3  4  5 |
---------------+----------------+-----
Fighting       | 1 2 3 |  3.8
Polearms       | 1 2 |  2.8
Armour         | 1 |  1.5
Short Blades   | |  1.0
Dodging        | |  1.5
Stealth        | |  4.4
Spellcasting   | |  2.8
Hexes          | |  3.8

Action                   |  1- 3 |  4- 6 || total
-------------------------+-------+-------++-------
Melee: Dagger            |    62 |     7 ||    69
       Spear             |       |   142 ||   142
 Fire: Hand crossbow     |       |     5 ||     5
       Arbalest          |       |     2 ||     2
 Cast: Corona            |       |     1 ||     1
       Tukima's Dance    |       |     2 ||     2
 Abil: Spit Poison       |    21 |    14 ||    35
  Use: Scroll            |       |    10 ||    10
       Potion            |       |     1 ||     1
 Stab: Sleeping          |     1 |     2 ||     3
Armor: Robe              |     2 |       ||     2
       Ring mail         |    34 |    44 ||    78
Dodge: Dodged            |    34 |    64 ||    98

Table legend: (Time is in decaauts)
 A = Elapsed time spent in this place.
 B = Non-inter-level travel time spent in this place.
 C = Inter-level travel time spent in this place.
 D = Time resting spent in this place.
 E = Time spent auto-exploring this place.
 F = Levels seen in this place.
 G = Mean time per level.
                   A        B        C        D        E       F      G
               +--------+--------+--------+--------+--------+-----+--------+
         Total |   4564 |   4350 |    214 |    518 |   2923 |   6 |  760.7 |
       Dungeon |   4564 |   4350 |    214 |    518 |   2923 |   6 |  760.7 |
               +--------+--------+--------+--------+--------+-----+--------+

Top non-repeatable levels by time:
     D:2: 1322 daAuts
     D:4: 1083 daAuts
     D:1: 986 daAuts
     D:3: 799 daAuts
     D:5: 367 daAuts
     D:6: 6 daAuts
